 Dungeon Crawl Stone Soup version 0.30-a0-1082-g70414cbcbb (webtiles) character file.

Game seed: 6032920554063566865

15019 Lavandula the Magician (level 12, -2/98 HPs)
             Began as a Naga Venom Mage on Apr 15, 2023.
             Was a Follower of Ru.
             Slain by an ice devil (19 damage)
             ... in an ice cave.
             The game lasted 00:43:42 (11301 turns).

Lavandula the Magician (Naga Venom Mage)           Turns: 11301, Time: 00:43:42

Health: -2/98      AC: 10    Str: 11    XL:     12   Next: 22%
Magic:  17/23      EV: 11    Int: 26    God:    Ru [*.....]
Gold:   630        SH:  0    Dex: 12    Spells: 0/26 levels left

rFire   . . .      SeeInvis +      - Unarmed
rCold   . . .      Faith    .    (no shield)
rNeg    . . .      Spirit   .    F - +0 troll leather armour
rPois   +          Reflect  .    l - +2 helmet
rElec   .          Rampage  .    (no cloak)
rCorr   +                        o - +0 pair of gloves
Will    ++...                    (no barding)
Stlth   ++                       i - amulet of magic regeneration
HPRegen 1.16/turn                t - +6 ring of intelligence
MPRegen 0.58/turn                w - ring "Qaur" {Will+ rCorr}

@: very slightly contaminated, very slow
A: AC +4, large, see invisible, deformed body, poison resistance, slowness 2,
spit poison 1, unskilled 1, naga tail 1
a: Spit Poison, Renounce Religion


You were in an ice cave.
You worshipped Ru.
Ru was aware of your devotion.
You visited 3 branches of the dungeon, and saw 14 of its levels.
You also visited: Ice Cave.

You collected 726 gold pieces.
You spent 96 gold pieces at shops.

Inventory:

Missiles
 d - 6 curare-tipped darts
Armour
 l - a +2 helmet (worn)
 o - a +0 pair of gloves (worn)
 E - a +2 leather armour of poison resistance
 F - a +0 troll leather armour (worn)
 L - a +1 chain mail of cold resistance
Jewellery
 i - an amulet of magic regeneration (around neck)
 p - a ring of resist corrosion
 t - a +6 ring of intelligence (left hand)
 w - the ring "Qaur" (right hand) {Will+ rCorr}
   (You acquired it on level 5 of the Dungeon)

   [ring of resist corrosion]

   rCorr:     It protects you from acid and corrosion.
   Will:      It increases your willpower.
 D - a ring of positive energy
 G - a ring of protection from fire
Wands
 a - a wand of mindburst (3)
 q - a wand of charming (8)
 r - a wand of acid (1)
 y - a wand of roots (9)
 A - a wand of polymorph (4)
 H - a wand of digging (14)
 K - a wand of flame (10)
Scrolls
 j - 4 scrolls of teleportation {unknown}
 k - a scroll of torment
 n - a scroll of fear
 v - 3 scrolls of poison
 x - 2 scrolls of enchant weapon
Potions
 b - 2 potions of magic
 c - 3 potions of heal wounds
 e - 2 potions of attraction
 f - a potion of resistance {unknown}
 g - 2 potions of might {unknown}
 h - 2 potions of curing
 m - 3 potions of brilliance {unknown}
 s - 7 potions of flight
 u - 3 potions of haste {unknown}
 z - 3 potions of mutation {unknown}
 B - 3 potions of lignification {unknown}
 C - 2 potions of degeneration {unknown}


   Skills:
 - Level 3.6 Fighting
 - Level 7.1 Dodging
 - Level 2.6 Stealth
 - Level 5.5 Unarmed Combat
 - Level 7.6 Spellcasting
 + Level 4.0 Conjurations
 - Level 4.8 Summonings
 - Level 0.8 Transmutations
 * Level 1.9 Fire Magic
 - Level 4.4 Ice Magic
 - Level 5.4 Air Magic
 - Level 6.5 Poison Magic
 - Level 4.7 Evocations


You couldn't memorise any spells.
You knew the following spells:

 Your Spells              Type           Power      Damage    Failure   Level
a - Sting                 Tmut/Pois      100%       1d8       1%          1
b - Fireball              Conj/Fire      12%        3d7       54%         5
c - Mephitic Cloud        Conj/Pois/Air  37%        N/A       2%          3
d - Olgreb's Toxic Radia  Pois           44%        N/A       5%          4
e - Summon Ice Beast      Ice/Summ       34%        N/A       11%         4
f - Arcjolt               Conj/Air       17%        1d27      30%         5
g - Frozen Ramparts       Ice            66%        1d10      3%          3
h - Foxfire               Conj/Fire      100%       2x1d9     2%          1

Your spell library contained the following spells:

 Spells                   Type           Power      Damage    Failure   Level
 Poisonous Vapours        Pois/Air       82%        N/A       1%          2
 Vhi's Electric Charge    Tloc/Air       48%        N/A       8%          3
 Gell's Gravitas          Tloc           9%         N/A       22%         3
 Teleport Other           Tloc           9%         N/A       22%         3
 Ice Form                 Ice/Tmut       23%        N/A       26%         4
 Plasma Beam              Fire/Air       14%        2x1d28    95%         6
 Starburst                Conj/Fire      12%        6d5       98%         6
 Dispersal                Tloc           4%         N/A       100%        6


Dungeon Overview and Level Annotations

Branches:
Dungeon (12/15)            Temple (1/1) D:4            Lair (0/5) D:11
    Orc (1/2) D:10          IceCv (1/1)

Altars:
Ashenzari
Cheibriados
Dithmenos
Elyvilon
Fedhas
Gozag
Hepliaklqana
Kikubaaqudgha
Makhleb
Nemelex Xobeh
Okawaru
Qazlal
Ru
Sif Muna
Trog
Uskayaw
Vehumet
Wu Jian
Xom
Yredelemnul
Zin

Shops:
D:3 *

Annotations:
D:5 Menkaure
D:8 exclusion: oklob plant


Innate Abilities, Weirdness & Mutations

Your serpentine skin is tough. (AC +4)
You have supernaturally acute eyesight. (SInv)
Armour fits poorly on your strangely shaped body.
Your system is resistant to poisons. (rPois)
You cover ground very slowly.
You can spit poison.
You are somewhat unskilled. (-1 Apt)
You have a snake-like lower body.


Message History

You conjure some foxfire!
The ice devil barely misses you.
Unknown command.
Casting: Foxfire (safe; 2% risk of failure)
Confirm with . or Enter, or press ? or * to list all spells.
A chill wind blows around you.
The foxfire hits the ice devil but does no damage.
The ice devil is lightly wounded.
The foxfire hits the ice devil.
The ice devil is lightly wounded.
The ice devil hits you! The ice devil freezes you!
Unknown command.
Casting: Summon Ice Beast (dangerous; 11% risk of failure)
Confirm with . or Enter, or press ? or * to list all spells.
You conjure some foxfire!
The ice devil hits you. The ice devil freezes you!!
Your ice beast hits the ice devil but does no damage.
Unknown command.
Unknown command.
Aiming: Corrosive Bolt
Press: ? - help, Shift-Dir - straight line, f - ice devil
Aim: an ice devil (lightly wounded, ally target, 74% to hit)
The bolt of acid hits the ice devil!
The acid corrodes the ice devil!
The ice devil is moderately wounded.
The foxfire hits the ice devil!
The ice devil is burned terribly!
The ice devil is heavily wounded.
The foxfire hits the ice devil.
The ice devil is burned terribly!
The ice devil is severely wounded.
The ice devil barely misses you.
Your ice beast hits the ice devil.
Your ice beast freezes the ice devil.
The ice devil completely resists.
Unknown command.
Aiming: Mindburst
Press: ? - help, Shift-Dir - straight line, f/p - ice devil
Aim: an ice devil (severely wounded, covered in acid, ally target, chance to affect: 32%)
The ice devil easily resists.
The ice devil hits you. The ice devil freezes you!
* * * LOW HITPOINT WARNING * * *
Your ice beast barely misses the ice devil.
You feel better. The ice devil hits you!
* * * LOW HITPOINT WARNING * * *
The ice devil freezes you!!
You die...

.
#..####....#
.
#...#...#..#
.
##.....##..#
Z
##...###.##
. ..
######..# .
#. ##..##
#.. ##...#
#.. ##...##
#.# ##.@.##
#.W##.4.##
#..#.Y##
#.....#
##...##
#####


You could see an ice devil (corroded, ally target) and a friendly ice beast
(summoned).

Vanquished Creatures
  An orc sorcerer (Orc:1)
  2 orc knights (Orc:1)
  Pikel (D:7)
  An unseen horror (D:11)
  A gargoyle (D:11)
  2 freezing wraiths (IceCv)
  2 trolls
  A hornet (D:8)
  3 shadows
  A wraith (D:11)
  7 yaks
  2 wyverns
  An unseen horror simulacrum (D:9)
  2 steam dragons
  A death yak simulacrum (IceCv)
  A warg (Orc:1)
  A hydra simulacrum (IceCv)
  3 sky beasts
  2 black bears (D:6)
  8 orc warriors
  6 ice beasts
  3 ogres
  4 lemures (D:7)
  A phantom (D:7)
  2 centaurs
  A bullfrog (D:3)
  3 nameless horrors
  2 cane toad simulacra (IceCv)
  3 scorpions
  6 wights
  5 killer bees (D:9)
  2 elephant simulacra (IceCv)
  3 howler monkeys
  3 electric eels
  An iron imp (D:3)
  6 orc priests
  4 hounds
  A jelly (D:6)
  2 iguanas
  Ijyb (D:5)
  19 orc wizards
  3 troll simulacra (IceCv)
  A wolf simulacrum (IceCv)
  8 adders
  A white imp (D:7)
  2 worms
  3 dart slugs
  45 orcs
  4 endoplasms
  A giant cockroach (D:1)
  6 goblins
  7 hobgoblins
  4 jackals
  A quokka (D:5)
  13 ball pythons
  11 bats
  2 frilled lizards
  6 kobolds
  6 rats
245 creatures vanquished.

Vanquished Creatures (collateral kills)
  2 two-headed ogres
  A komodo dragon (D:10)
  An ice devil (IceCv)
  A wraith (D:10)
  4 yaks
  3 wyverns
  A basilisk (D:11)
  A steam dragon (D:6)
  A warg (D:10)
  3 water moccasins (D:11)
  3 orc warriors
  A wolf (D:9)
  2 centaurs
  2 two-headed ogre simulacra (IceCv)
  2 wights (D:9)
  2 elephant simulacra (IceCv)
  A jelly (D:7)
  A centaur simulacrum (D:9)
  A shadow imp (D:6)
  An orc (D:8)
34 creatures vanquished.

Vanquished Creatures (others)
  A water moccasin (D:7)
  An elephant simulacrum (IceCv)
  101 foxfires (IceCv)
  A fungus (D:11)
  10 plants
114 creatures vanquished.

Grand Total: 393 creatures vanquished

Notes
Turn   | Place    | Note
-------+----------+-------------------------------------------
     0 | D:1      | Lavandula the Naga Venom Mage began the quest for the Orb.
     0 | D:1      | Reached XP level 1. HP: 15/15 MP: 3/3
   125 | D:1      | Reached XP level 2. HP: 22/22 MP: 3/5
   412 | D:1      | Learned a level 2 spell: Poisonous Vapours
   447 | D:1      | Reached skill level 5 in Poison Magic
   666 | D:1      | Reached XP level 3. HP: 28/28 MP: 3/6
   670 | D:1      | Learned a level 3 spell: Mephitic Cloud
   729 | D:1      | Reached skill level 1 in Unarmed Combat
  1343 | D:2      | Reached XP level 4. HP: 29/36 MP: 2/7
  1579 | D:3      | Found Daculuid's Assorted Antiques.
  1589 | D:3      | Bought a scroll labelled JINYOXZ KAES for 20 gold pieces
  1589 | D:3      | Bought a scroll labelled DUPE BASHRYDOE for 20 gold pieces
  1589 | D:3      | Bought a scroll labelled DUPE BASHRYDOE for 20 gold pieces
  1838 | D:3      | Found a snail-covered altar of Cheibriados.
  1847 | D:3      | Reached XP level 5. HP: 41/42 MP: 8/10
  1852 | D:3      | Learned a level 4 spell: Olgreb's Toxic Radiance
  2604 | D:4      | Reached XP level 6. HP: 49/49 MP: 9/11
  2619 | D:4      | Found a staircase to the Ecumenical Temple.
  2707 | Temple   | Entered the Ecumenical Temple
  3202 | D:4      | Reached skill level 5 in Unarmed Combat
  3644 | D:5      | Entered Level 5 of the Dungeon
  3686 | D:5      | Reached XP level 7. HP: 30/55 MP: 7/12
  3925 | D:5      | Noticed a shadow
  3941 | D:5      | Killed a shadow
  4041 | D:5      | Noticed Ijyb
  4058 | D:5      | Killed Ijyb
  4096 | D:5      | Found a stormy altar of Qazlal.
  4146 | D:5      | Noticed Menkaure
  4433 | D:5      | Identified a scroll of acquirement
  4434 | D:5      | Acquired the ring "Qaur" {Will+ rCorr}
  4552 | D:3      | Bought a fizzy golden potion for 18 gold pieces
  4552 | D:3      | Bought a fuming brown potion for 18 gold pieces
  4653 | D:6      | Reached XP level 8. HP: 72/72 MP: 9/13
  4693 | D:6      | Learned a level 4 spell: Summon Ice Beast
  4714 | D:6      | Reached skill level 1 in Summonings
  4714 | D:6      | Reached skill level 1 in Ice Magic
  5280 | D:6      | Reached XP level 9. HP: 77/78 MP: 14/14
  5515 | D:7      | Noticed a troll
  5532 | D:7      | Killed a troll
  5715 | D:7      | Noticed Pikel
  5717 | D:7      | Noticed a nameless horror
  5728 | D:7      | Killed Pikel
  5729 | D:7      | Reached skill level 5 in Spellcasting
  5747 | D:7      | Killed a nameless horror
  5931 | D:7      | Found a bloodstained altar of Trog.
  6167 | D:7      | Reached skill level 5 in Summonings
  6208 | D:7      | Found a shimmering altar of Xom.
  6377 | D:7      | Found a sparkling altar of Nemelex Xobeh.
  6549 | D:8      | Noticed a hornet
  6552 | D:8      | Killed a hornet
  6553 | D:8      | Reached XP level 10. HP: 76/85 MP: 16/21
  6706 | D:8      | Identified the +7 sling of Taokoes {elec, rN+ Dex+3}
  6767 | D:8      | Found a blossoming altar of Fedhas.
  6792 | D:8      | Noticed an oklob plant
  6866 | D:8      | Found a radiant altar of Vehumet.
  7113 | D:8      | Found a white marble altar of Elyvilon.
  7596 | D:8      | Learned a level 5 spell: Arcjolt
  7623 | D:9      | Reached skill level 1 in Air Magic
  7713 | D:9      | Found a hide-covered altar of Uskayaw.
  7789 | D:9      | Found a shadowy altar of Dithmenos.
  7962 | D:9      | Reached skill level 5 in Air Magic
  8021 | D:9      | Found an opulent altar of Gozag.
  8051 | D:9      | Found a sacrificial altar of Ru.
  8062 | D:9      | Became a worshipper of Ru the Awakened
  8096 | D:9      | Found an ornate altar of the Wu Jian Council.
  8575 | D:10     | Entered Level 10 of the Dungeon
  8616 | D:10     | Noticed a two-headed ogre
  8644 | D:10     | Killed a two-headed ogre
  8735 | D:10     | Reached XP level 11. HP: 92/92 MP: 14/23
  8797 | D:10     | Found a broken altar of Ashenzari.
  8805 | D:10     | Reached skill level 5 in Dodging
  8948 | D:10     | Found a staircase to the Orcish Mines.
  9019 | D:10     | Gained mutation: You are somewhat unskilled. (-1 Apt) [Ru
                  | sacrifice]
  9019 | D:10     | Reduced skill Unarmed Combat to level 5
  9019 | D:10     | Reduced skill Air Magic to level 5
  9019 | D:10     | Reached * piety under Ru
  9800 | D:11     | Found a staircase to the Lair.
 10084 | D:11     | Reached skill level 1 in Evocations
 10123 | D:11     | Noticed a two-headed ogre
 10130 | D:11     | Killed a two-headed ogre
 10168 | D:11     | Learned a level 3 spell: Frozen Ramparts
 10226 | D:12     | Noticed a cyclops
 10286 | Orc:1    | Entered Level 1 of the Orcish Mines
 10286 | Orc:1    | Noticed an orc knight
 10292 | Orc:1    | Killed an orc knight
 10293 | Orc:1    | Found a frozen archway.
 10293 | Orc:1    | Noticed an orc knight
 10304 | Orc:1    | Noticed an orc sorcerer
 10310 | Orc:1    | Noticed a soul eater
 10312 | Orc:1    | Noticed a sun demon
 10313 | Orc:1    | Killed an orc knight
 10314 | Orc:1    | Reached XP level 12. HP: 35/98 MP: 2/23
 10416 | IceCv    | Entered an ice cave
 10584 | IceCv    | Learned a level 1 spell: Foxfire
 11129 | IceCv    | Reached skill level 1 in Fire Magic
 11171 | IceCv    | Learned a level 5 spell: Fireball
 11301 | IceCv    | Slain by an ice devil

Illustrated notes

Levels and vault maps discovered:
D:1:      zaba_arrival_water, layout_basic, minmay_surrounded
D:2:      layout_rooms, minmay_cut_off
D:3:      layout_loops_cross, slow_altar_2, serial_co_window_serial,
          co_window_paths_a, co_window_corner_a, co_window_paths_b,
          co_window_paths_b, co_window_of_opportunity_a, co_window_cross_3,
          co_window_unsneaky_path_c, co_window_corner_ca,
          co_window_of_opportunity_c, co_window_broadway_c, co_window_paths_c,
          glass_columns_a, glass_columns_b, glass_columns_a, glass_columns_a,
          glass_columns_a, serial_shops, nicolae_shop_hallway_plus
D:4:      layout_basic, minmay_temple_entry_gardened_gates
D:5:      layout_loops_corners, nicolae_qazlal_eye_of_the_storm,
          kennysheep_mini, uniq_menkaure, uniq_ijyb
D:6:      layout_cave_pools
D:7:      layout_basic, nemelex_xobeh_ov_fountains_minmay, trog_book,
          brannock_xom_greatest_gift, roderic_cross_of_infinity,
          hangedman_abyss_or_decor_passed, minivault_27,
          ebering_dispersal_statue_hall, uniq_pikel
D:8:      layout_loops_ring, nicolae_elyvilon_temple_path, tgw_fedhas,
          mainiacjoe_overflow_six_doors_small
D:9:      layout_grid_maze, nicolae_gozag_seed_capital,
          nicolae_ru_great_annihilating_truth, grunt_dithmenos_shadows,
          nicolae_overflow_crystal_walls, mainiacjoe_overflow_catwalk,
          serial_ice, serial_ice_k, serial_ice_a, serial_ice_h, serial_ice_e,
          item_on_display_a
D:10:     layout_basic, mainiacjoe_overflow_boulevard, erik_orc_3
D:11:     layout_cave_pools, minmay_lair_entry_grove
D:12:     layout_roguey
Temple:   nicolae_temple_great_sept
Orc:1:    layout_diamond_mine, portal_ice_cave_entry_pillars_2
IceCv:    ice_cave_small_necro

Skill      XL: |  1  2  3  4  5  6  7  8  9 10 11 12 |
---------------+-------------------------------------+-----
Poison Magic   | 5 7 6 |  6.5
Unarmed Combat | 1 2 3 5 6 5 |  5.5
Spellcasting   | 3 7 8 7 |  7.6
Fighting       | 4 3 |  3.6
Summonings     | 4 5 4 |  4.8
Ice Magic      | 3 4 |  4.4
Air Magic      | 6 5 |  5.4
Dodging        | 4 7 |  7.1
Stealth        | 2 |  2.6
Transmutations | 0 |  0.8
Evocations     | 4 |  4.7
Conjurations   | 2 4 |  4.0
Fire Magic     | 1 |  1.9

Action                     |  1- 3 |  4- 6 |  7- 9 | 10-12 || total
---------------------------+-------+-------+-------+-------++-------
  Melee: Unarmed           |    20 |    29 |   134 |   281 ||   464
         Punch             |       |     1 |     3 |    17 ||    21
   Cast: Sting             |    38 |    51 |    20 |       ||   109
         Poisonous Vapours |       |     1 |     1 |     1 ||     3
         Olgreb's Toxic Ra |       |       |    23 |    57 ||    80
         Summon Ice Beast  |       |       |    16 |    43 ||    59
         Foxfire           |       |       |       |    56 ||    56
 Invoke: Sacrifice Skill   |       |       |       |     1 ||     1
Ability: Spit Poison       |    35 |    32 |    24 |     6 ||    97
  Evoke: Wand              |       |     3 |     8 |    26 ||    37
    Use: Scroll            |       |       |     9 |     8 ||    17
         Potion            |       |       |     1 |     2 ||     3
   Stab: Sleeping          |       |       |     1 |     1 ||     2
         Distracted        |       |       |       |     4 ||     4
         Paralysed         |       |       |       |     1 ||     1
 Armour: Robe              |     8 |    18 |    16 |       ||    42
         Leather armour    |       |       |    14 |       ||    14
         Troll leather arm |       |       |    33 |   126 ||   159
  Dodge: Dodged            |    18 |    36 |    72 |   154 ||   280

Table legend: (Time is in decaauts)
 A = Elapsed time spent in this place.
 B = Non-inter-level travel time spent in this place.
 C = Inter-level travel time spent in this place.
 D = Time resting spent in this place.
 E = Time spent auto-exploring this place.
 F = Levels seen in this place.
 G = Mean time per level.
                   A        B        C        D        E       F      G
               +--------+--------+--------+--------+--------+-----+--------+
         Total |  14377 |  13479 |    898 |    783 |   9959 |  15 |  958.5 |
       Dungeon |  13180 |  12299 |    881 |    302 |   9849 |  12 | 1098.3 |
        Temple |    115 |     98 |     17 |      0 |     86 |   1 |  115.0 |
  Orcish Mines |     80 |     80 |      0 |      0 |      0 |   1 |   80.0 |
      Ice Cave |   1001 |   1001 |      0 |    481 |     23 |   1 | 1001.0 |
               +--------+--------+--------+--------+--------+-----+--------+

Top non-repeatable levels by time:
     D:3: 1484 daAuts
     D:4: 1415 daAuts
     D:8: 1394 daAuts
     D:7: 1362 daAuts
    D:10: 1355 daAuts
     D:1: 1261 daAuts
     D:9: 1214 daAuts
     D:5: 1069 daAuts
   IceCv: 1001 daAuts
     D:6: 995 daAuts
    D:11: 831 daAuts
     D:2: 724 daAuts
  Temple: 115 daAuts
   Orc:1: 80 daAuts
    D:12: 72 daAuts
